XFBL
NEW YORK YANKEES @ CHICAGO WHITE SOX
04/20/1982
 
TOP OF THE 1ST
New York Yankees batting - Pitching for Chicago White Sox : RHP Ray Corbin
Pitching: RHP Ray Corbin
Batting: SHB Willie Wilson 0-0: Called Strike
0-1: Ball
1-1: Ground out 4-3 (Groundball, 4M, EV 86.9 MPH)
Batting: RHB David Hall 0-0: Swinging Strike
0-1: SOLO HOME RUN (Flyball, 7D, EV 83.8 MPH), Distance : 370 ft
Batting: LHB Wade Boggs 0-0: Ground out 5-3 (Groundball, 5L, EV 82.5 MPH)
Batting: LHB Kent Hrbek 0-0: Foul Ball, location: 2F
0-1: Fly out, F9 (Line Drive, 9D, EV 101.9 MPH)
Top of the 1st over - 1 run, 1 hit, 0 errors, 0 left on base; New York 1 - Chicago 0
BOTTOM OF THE 1ST
Chicago White Sox batting - Pitching for New York Yankees : RHP Blake Green
Pitching: RHP Blake Green
Batting: SHB Ozzie Smith 0-0: Called Strike
0-1: Swinging Strike
0-2: Ground out U3 (Groundball, 3, EV 92.5 MPH)
Batting: LHB Rudy Law 0-0: SINGLE (Line Drive, 78S, EV 98.1 MPH)
Batting: SHB Dwayne Taggart 0-0: Called Strike
Rudy Law steals 2nd base
0-1: Ball
Rudy Law is caught stealing 3rd base 2-5
1-1: Ball
2-1: Ball
3-1: Ground out 6-3 (Groundball, 6D, EV 103.8 MPH)
Bottom of the 1st over - 0 runs, 1 hit, 0 errors, 0 left on base; New York 1 - Chicago 0
TOP OF THE 2ND
New York Yankees batting - Pitching for Chicago White Sox : RHP Ray Corbin
Batting: RHB Pedro Guerrero 0-0: Called Strike
0-1: Swinging Strike
0-2: Ball
1-2: Strikes out swinging, 2-3 out at first.
Batting: LHB George Kaage 0-0: Called Strike
0-1: Foul Ball, location: 2F
0-2: Foul Ball, location: 2F
0-2: Strikes out looking
Batting: RHB Emanuel Cortez 0-0: Foul Ball, location: 2F
0-1: Foul Ball, location: 2F
0-2: Ball
1-2: Fly out, F9 (Flyball, 89M, EV 94.4 MPH)
Top of the 2nd over - 0 runs, 0 hits, 0 errors, 0 left on base; New York 1 - Chicago 0
BOTTOM OF THE 2ND
Chicago White Sox batting - Pitching for New York Yankees : RHP Blake Green
Batting: LHB Mitchell Page 0-0: Ball
1-0: Ball
2-0: Swinging Strike
2-1: Called Strike
2-2: SINGLE (Line Drive, 56D, EV 101.3 MPH)
Batting: RHB Steve Henderson 0-0: Ball
1-0: Called Strike
1-1: Ball
2-1: Called Strike
2-2: Strikes out swinging
Batting: RHB Tim Teufel 0-0: Called Strike
Mitchell Page steals 2nd base
0-1: Foul Ball, location: 2F
0-2: Fly out, F9 (Line Drive, 9S, EV 89.4 MPH)
Batting: RHB Mike Heath 0-0: Ball
1-0: Ball
2-0: Called Strike
2-1: DOUBLE (Line Drive, 89D, EV 113.8 MPH)
Mitchell Page scores
Batting: LHB Ryan MacFarland 0-0: Foul Ball, location: 2F
0-1: Fly out, F9 (Flyball, 9S, EV 88.1 MPH)
Bottom of the 2nd over - 1 run, 2 hits, 0 errors, 1 left on base; New York 1 - Chicago 1
TOP OF THE 3RD
New York Yankees batting - Pitching for Chicago White Sox : RHP Ray Corbin
Batting: SHB Jerry Manuel 0-0: Fly out, F8 (Line Drive, 8LM, EV 91.9 MPH)
Batting: LHB Ron Hassey 0-0: Ball
1-0: Ground out 6-3 (Groundball, 6, EV 98.8 MPH)
Batting: SHB Willie Wilson 0-0: Fly out, F7 (Line Drive, 7D, EV 97.5 MPH)
Top of the 3rd over - 0 runs, 0 hits, 0 errors, 0 left on base; New York 1 - Chicago 1
BOTTOM OF THE 3RD
Chicago White Sox batting - Pitching for New York Yankees : RHP Blake Green
Batting: LHB Steve Christmas 0-0: Ball
1-0: Called Strike
1-1: Called Strike
1-2: Fly out, F7 (Flyball, 7LM, EV 80.6 MPH)
Batting: SHB Ozzie Smith 0-0: Called Strike
0-1: Ball
1-1: DOUBLE (Line Drive, 89D, EV 103.1 MPH)
Batting: LHB Rudy Law 0-0: Ball
Ozzie Smith is caught stealing 3rd base 2-5
1-0: Fly out, F6 (Flyball, 56D, EV 87.5 MPH)
Bottom of the 3rd over - 0 runs, 1 hit, 0 errors, 0 left on base; New York 1 - Chicago 1
TOP OF THE 4TH
New York Yankees batting - Pitching for Chicago White Sox : RHP Ray Corbin
Batting: RHB David Hall 0-0: Ball
1-0: Fly out, F5 (Line Drive, 5, EV 71.3 MPH)
Batting: LHB Wade Boggs 0-0: Called Strike
0-1: Ball
1-1: Called Strike
1-2: Ball
2-2: Ball
3-2: Fly out, F9 (Line Drive, 9, EV 103.1 MPH)
Batting: LHB Kent Hrbek 0-0: SINGLE (Line Drive, 9S, EV 105.6 MPH)
Batting: RHB Pedro Guerrero 0-0: Ball
1-0: SINGLE (Groundball, 6S, EV 74.4 MPH) (infield hit)
Kent Hrbek to second
Batting: LHB George Kaage 0-0: Ground out 4-3 (Groundball, 4S, EV 64.4 MPH)
Top of the 4th over - 0 runs, 2 hits, 0 errors, 2 left on base; New York 1 - Chicago 1
BOTTOM OF THE 4TH
Chicago White Sox batting - Pitching for New York Yankees : RHP Blake Green
Batting: SHB Dwayne Taggart 0-0: Ball
1-0: Swinging Strike
1-1: Swinging Strike
1-2: Fly out, F6 (Popup, 4MS, EV 64.4 MPH)
Batting: LHB Mitchell Page 0-0: Ball
1-0: Ball
2-0: Called Strike
2-1: Swinging Strike
2-2: Fly out, F6 (Popup, 6S, EV 63.1 MPH)
Batting: RHB Steve Henderson 0-0: SINGLE (Line Drive, 4D, EV 105.6 MPH)
Batting: RHB Tim Teufel 0-0: Called Strike
Steve Henderson steals 2nd base
0-1: Ball
1-1: Swinging Strike
1-2: Strikes out swinging
Bottom of the 4th over - 0 runs, 1 hit, 0 errors, 1 left on base; New York 1 - Chicago 1
TOP OF THE 5TH
New York Yankees batting - Pitching for Chicago White Sox : RHP Ray Corbin
Batting: RHB Emanuel Cortez 0-0: Ball
1-0: Swinging Strike
1-1: Ball
2-1: Ball
3-1: Swinging Strike
3-2: Ground out 5-3 (Groundball, 56S, EV 83.8 MPH)
Batting: SHB Jerry Manuel 0-0: Called Strike
0-1: Ball
1-1: Ball
2-1: Ball
3-1: Base on Balls
Batting: LHB Ron Hassey 0-0: Ball
Jerry Manuel is caught stealing 2nd base 2-6
1-0: Swinging Strike
1-1: Ball
2-1: Foul Ball, location: 2F
2-2: Fly out, F4 (Popup, 34S, EV 75.6 MPH)
Top of the 5th over - 0 runs, 0 hits, 0 errors, 0 left on base; New York 1 - Chicago 1
BOTTOM OF THE 5TH
Chicago White Sox batting - Pitching for New York Yankees : RHP Blake Green
Batting: RHB Mike Heath 0-0: Ground out 1-3 (Groundball, 13S, EV 69.4 MPH)
Batting: LHB Ryan MacFarland 0-0: Ball
1-0: Called Strike
1-1: Ball
2-1: Ball
3-1: Fly out, F7 (Flyball, 7S, EV 85.6 MPH)
Batting: LHB Steve Christmas 0-0: Ball
1-0: Foul Ball, location: 2F
1-1: Called Strike
1-2: Ball
2-2: Foul Ball, location: 2F
2-2: SOLO HOME RUN (Line Drive, 9LD, EV 100.0 MPH), Distance : 363 ft
Batting: SHB Ozzie Smith 0-0: Called Strike
0-1: Ball
1-1: Called Strike
1-2: Strikes out swinging
Bottom of the 5th over - 1 run, 1 hit, 0 errors, 0 left on base; New York 1 - Chicago 2
TOP OF THE 6TH
New York Yankees batting - Pitching for Chicago White Sox : RHP Ray Corbin
Batting: SHB Willie Wilson 0-0: Ball
1-0: Ball
2-0: Ball
3-0: Base on Balls
Batting: RHB David Hall 0-0: Foul Ball, location: 2F
0-1: Called Strike
Willie Wilson steals 2nd base
0-2: Ball
1-2: Ball
2-2: Ball
3-2: Foul Ball, location: 2F
3-2: Strikes out swinging
Batting: LHB Wade Boggs 0-0: Foul Ball, location: 2F
0-1: SINGLE (Line Drive, 6D, EV 106.3 MPH)
Willie Wilson to third
Runner from 3rd tries for Home, SAFE, throw by CF to home
Batting: LHB Kent Hrbek 0-0: Swinging Strike
0-1: Ball
1-1: Ball
2-1: Foul Ball, location: 2F
2-2: SINGLE (Groundball, 34D, EV 106.9 MPH)
Wade Boggs to second
Runner from 2nd tries for 3rd, OUT! 9-5
Batting: RHB Pedro Guerrero 0-0: Called Strike
0-1: Foul Ball, location: 2F
0-2: Foul Ball, location: 2F
0-2: Ball
1-2: Ball
2-2: Strikes out looking
Top of the 6th over - 1 run, 2 hits, 0 errors, 1 left on base; New York 2 - Chicago 2
BOTTOM OF THE 6TH
Chicago White Sox batting - Pitching for New York Yankees : RHP Blake Green
Batting: LHB Rudy Law 0-0: Swinging Strike
0-1: Ball
1-1: Foul Ball, location: 2F
1-2: Reached on error, E3 (Line Drive, 3, EV 68.1 MPH)
Batting: SHB Dwayne Taggart 0-0: Ball
1-0: Ball
2-0: Fly out, F6 (Popup, 25, EV 86.9 MPH)
Batting: LHB Mitchell Page 0-0: Ball
Rudy Law steals 2nd base
1-0: Foul Ball, location: 2F
1-1: Ball
2-1: Ball
3-1: Foul Ball, location: 2F
3-2: Base on Balls
Batting: RHB Steve Henderson 0-0: Swinging Strike
0-1: Fly out, F9 (Line Drive, 89M, EV 86.3 MPH)
Batting: RHB Tim Teufel 0-0: Ball
1-0: Foul Ball, location: 2F
1-1: Ball
2-1: Ball
3-1: Foul Ball, location: 2F
3-2: Foul Ball, location: 2F
3-2: Base on Balls
Rudy Law to third
Mitchell Page to second
Batting: RHB Mike Heath 0-0: Foul Ball, location: 2F
0-1: Ball
1-1: Foul Ball, location: 2F
1-2: Strikes out swinging
Bottom of the 6th over - 0 runs, 0 hits, 1 error, 3 left on base; New York 2 - Chicago 2
TOP OF THE 7TH
New York Yankees batting - Pitching for Chicago White Sox : RHP Ray Corbin
Batting: LHB George Kaage 0-0: Called Strike
0-1: SINGLE (Groundball, 34D, EV 105.0 MPH)
Batting: RHB Emanuel Cortez 0-0: Ball
1-0: Sac Bunt to 25 - play at first, batter OUT! 5-4
George Kaage to second
Batting: SHB Jerry Manuel 0-0: Ball
1-0: Ball
2-0: Called Strike
2-1: Ball
3-1: DOUBLE (Line Drive, 9LD, EV 109.4 MPH)
George Kaage scores
Batting: LHB Ron Hassey 0-0: Ball
Jerry Manuel steals 3rd base
1-0: Foul Ball, location: 2F
1-1: Foul Ball, location: 2F
1-2: Ground out 4-3 (Groundball, 13, EV 78.1 MPH)
Batting: SHB Willie Wilson 0-0: Ground out 4-3 (Groundball, 4, EV 103.1 MPH)
Top of the 7th over - 1 run, 2 hits, 0 errors, 1 left on base; New York 3 - Chicago 2
BOTTOM OF THE 7TH
Chicago White Sox batting - Pitching for New York Yankees : RHP Blake Green
Batting: LHB Ryan MacFarland 0-0: DOUBLE (Groundball, 3L, EV 103.1 MPH) - OUT at third base trying to stretch hit.
Batting: LHB Steve Christmas 0-0: Foul Ball, location: 2F
0-1: Reached on error, E6 (Groundball, 6D, EV 103.1 MPH)
Batting: SHB Ozzie Smith 0-0: Hit by Pitch
Steve Christmas to second
Batting: LHB Rudy Law 0-0: Swinging Strike
0-1: Ball
1-1: Ball
2-1: Called Strike
2-2: Foul Ball, location: 2F
2-2: Ball
3-2: Base on Balls
Steve Christmas to third
Ozzie Smith to second
Batting: SHB Dwayne Taggart 0-0: Swinging Strike
0-1: Grounds into fielders choice 4-2 (Groundball, 4M, EV 94.4 MPH)
Ozzie Smith to third
Rudy Law to second
Batting: LHB Mitchell Page 0-0: Called Strike
0-1: GRAND SLAM HOME RUN (Flyball, 9D, EV 96.3 MPH), Distance : 381 ft
Pitching: RHP Manny Sarmiento
Batting: RHB Steve Henderson 0-0: Ball
1-0: Ground out 1-3 (Groundball, P, EV 73.8 MPH)
Bottom of the 7th over - 4 runs, 2 hits, 1 error, 0 left on base; New York 3 - Chicago 6
TOP OF THE 8TH
New York Yankees batting - Pitching for Chicago White Sox : RHP Ray Corbin
Batting: RHB David Hall 0-0: Ball
1-0: Called Strike
1-1: Ball
2-1: Ball
3-1: Fly out, F6 (Popup, 6, EV 60.6 MPH)
Batting: LHB Wade Boggs 0-0: Called Strike
0-1: Ball
1-1: Ball
2-1: Swinging Strike
2-2: Ground out 4-3 (Groundball, 4, EV 91.9 MPH)
Batting: LHB Kent Hrbek 0-0: Ball
1-0: Called Strike
1-1: Called Strike
1-2: Strikes out looking
Top of the 8th over - 0 runs, 0 hits, 0 errors, 0 left on base; New York 3 - Chicago 6
BOTTOM OF THE 8TH
Chicago White Sox batting - Pitching for New York Yankees : RHP Manny Sarmiento
Batting: RHB Tim Teufel 0-0: Ball
1-0: Called Strike
1-1: SINGLE (Line Drive, 34D, EV 103.8 MPH)
Batting: RHB Mike Heath 0-0: Ball
1-0: Bunted foul
1-1: Sac Bunt to 13 - play at first, batter OUT! 1-4
Tim Teufel to second
Batting: LHB Ryan MacFarland 0-0: Intentional Walk
Batting: LHB Steve Christmas 0-0: Called Strike
0-1: Swinging Strike
0-2: Ball
1-2: Ball
2-2: Grounds into double play, 4-6-3 (Groundball, 4, EV 111.9 MPH)
Bottom of the 8th over - 0 runs, 1 hit, 0 errors, 1 left on base; New York 3 - Chicago 6
TOP OF THE 9TH
New York Yankees batting - Pitching for Chicago White Sox : RHP Ray Corbin
Batting: RHB Pedro Guerrero 0-0: Ground out 5-3 (Groundball, 56, EV 87.5 MPH)
Batting: LHB George Kaage 0-0: Ball
1-0: Ball
2-0: Ground out U3 (Groundball, 3L, EV 81.9 MPH)
Batting: RHB Emanuel Cortez 0-0: Called Strike
0-1: Foul Ball, location: 2F
0-2: Fly out, F8 (Flyball, 8RD, EV 108.1 MPH)
Top of the 9th over - 0 runs, 0 hits, 0 errors, 0 left on base; New York 3 - Chicago 6
Wednesday, July 22nd, 2020 - OOTP Baseball 21.4 Build 63